 Dungeon Crawl Stone Soup version 0.22.1-1-ga44c0e5 (webtiles) character file.

86 lysyklops the Skirmisher (level 4, -1/61 HPs)
             Began as a Minotaur Berserker on Oct 2, 2018.
             Was a Believer of Trog.
             Slain by a gnoll
             ... wielding a +0 halberd
              (5 damage)
             ... on level 2 of the Dungeon.
             The game lasted 00:02:41 (1269 turns).

lysyklops the Skirmisher (Minotaur Berserker)       Turns: 1269, Time: 00:02:41

Health: -1/61      AC:  6    Str: 28    XL:     4   Next: 27%
Magic:  3/3        EV: 12    Int:  4    God:    Trog [**....]
Gold:   97         SH:  0    Dex:  9    Spells: 3/3 levels left

rFire    . . .     SeeInvis .   a - +0 hand axe
rCold    . . .     Gourm    .   (no shield)
rNeg     . . .     Faith    .   n - +0 ring mail (curse)
rPois    .         Spirit   .   (helmet restricted)
rElec    .         Reflect  .   (no cloak)
rCorr    .         Harm     .   g - +0 pair of gloves
MR       .....                  (no boots)
Stlth    ..........             (no amulet)
HPRegen  0.20/turn              (no ring)
MPRegen  0.08/turn              (no ring)

@: berserking, very quick
A: retaliatory headbutt, horns 2
a: Berserk, Trog's Hand, Renounce Religion


You were on level 2 of the Dungeon.
You worshipped Trog.
Trog was pleased with you.
You were very hungry.

You visited 1 branch of the dungeon, and saw 2 of its levels.

You collected 97 gold pieces.

Inventory:

Hand Weapons
 a - a +0 hand axe (weapon)
Armour
 g - a +0 pair of gloves (worn)
 n - a cursed +0 ring mail (worn)
Jewellery
 b - an uncursed amulet of magic regeneration {unknown}
 e - an uncursed ring of positive energy {unknown}
Scrolls
 f - a scroll of fear {unknown}
 i - 3 scrolls of magic mapping {unknown}
 j - a scroll of blinking {unknown}
 k - a scroll of immolation {unknown}
 m - 2 scrolls of identify {unknown}
 o - a scroll of amnesia {unknown}
Potions
 d - a potion of mutation {unknown}
 h - a potion of haste {unknown}
 l - a potion of heal wounds {unknown}
 p - 2 potions of agility {unknown}
Comestibles
 c - 7 rations


   Skills:
 + Level 4.5 Fighting
 + Level 4.5 Axes
 + Level 3.6 Armour
 - Level 2.6 Dodging


You had 3 spell levels left.
You didn't know any spells.
Your spell library was empty.

Dungeon Overview and Level Annotations

Branches:
Dungeon (2/15)

Altars:
Makhleb


Innate Abilities, Weirdness & Mutations

You reflexively headbutt those who attack you in melee.
You have a pair of horns on your head.


Message History

You feel yourself moving faster!
You feel mighty!
You are feeling very hungry.
The gnoll hits you.
* * * LOW HITPOINT WARNING * * *
The gnoll closely misses you. The gnoll hits you.
* * * LOW HITPOINT WARNING * * *
The gnoll completely misses you.
You slash the gnoll!
You kill the gnoll!
Trog accepts your kill.
You have reached level 4!
You feel stronger.
You slash the gnoll!
The gnoll hits you but does no damage. x2
You slash the gnoll!
You feel the power of Trog in you as your rage grows.
You kill the gnoll!
Trog accepts your kill. The gnoll barely misses you.
The gnoll completely misses you. The gnoll hits you with a halberd.
You die...

########
....... ###
#..... ##.. #
###...###
##...
#.#.wgg...# #
##....
#.#.#@..#
..##.....
#.#.#...####
#........
#............
#.....
##..###......
##.... ##.#.##
###### #รทรท..
#.###.#
#####.#..
##.#.##
######.......#
#.##
#......###....
#_#
#......##...#.


You could see a worm and 2 gnolls.

Vanquished Creatures
  2 gnolls (D:2)
  2 adders (D:2)
  A dart slug (D:1)
  2 leopard geckos
  5 bats (D:1)
  2 giant cockroaches
  3 goblins (D:1)
  7 hobgoblins
  3 jackals (D:2)
  2 quokkas (D:2)
  A frilled lizard (D:1)
  7 kobolds
  9 rats
46 creatures vanquished.

Notes
Turn   | Place    | Note
-------+----------+-------------------------------------------
     0 | D:1      | lysyklops the Minotaur Berserker began the quest for the
                  | Orb.
     0 | D:1      | Reached XP level 1. HP: 19/19 MP: 0/0
   138 | D:1      | Reached XP level 2. HP: 13/27 MP: 1/1
   805 | D:1      | Reached XP level 3. HP: 33/33 MP: 2/2
  1100 | D:2      | Reached ** piety under Trog
  1249 | D:2      | Found a burning altar of Makhleb.
  1267 | D:2      | Reached XP level 4. HP: 4/41 MP: 3/3
  1269 | D:2      | Slain by a gnoll

Skill      XL: |  1  2 |
---------------+-------+-----
Fighting       | 4 |  4.5
Axes           | 4 |  4.5
Armour         | 3 |  3.6
Dodging        | |  2.6

Action                   |  1- 3 |  4- 6 || total
-------------------------+-------+-------++-------
Melee: Hand axe          |    88 |     1 ||    89
       Headbutt          |    13 |       ||    13
Invok: Berserk           |     1 |       ||     1
  Eat: Chunk             |     1 |       ||     1
Armor: Animal skin       |    10 |       ||    10
       Ring mail         |     9 |     2 ||    11
Dodge: Dodged            |    71 |     2 ||    73
